 Dungeon Crawl Stone Soup version 0.17.0-28-g6e173f8 (webtiles) character file.

194 Helmschank the Insei (level 5, -4/33 HPs)
             Began as an Octopode Transmuter on Nov 23, 2015.
             Slain by a centaur (7 damage)
             ... on level 4 of the Dungeon.
             The game lasted 00:13:12 (4458 turns).

Helmschank the Insei (Octopode Transmuter)          Turns: 4458, Time: 00:13:12

Health: -4/33      AC:  1    Str:  9    XL:     5   Next: 73%
Magic:  1/8        EV: 12    Int: 15    God:
Gold:   209        SH:  0    Dex: 14    Spells: 3 memorised, 2 levels left

rFire  . . .     SeeInvis .       - Unarmed
rCold  . . .     Clarity  +     (no shield)
rNeg   . . .     SustAt   .     (helmet restricted)
rPois  .         Gourm    +     e - amulet of the gourmand
rElec  .         Spirit   .     (no ring)
rCorr  .         Warding  .     (no ring)
rMut   .         Stasis   .     (no ring)
MR     .....                    (no ring)
Stlth  ++........               (no ring)
                                (no ring)
                                (no ring)
                                (no ring)

@: not resistant to hostile enchantments, unstealthy
A: almost no armour, amphibious, 8 rings, constrict 8, camouflage 1, clarity,
spit poison 1, gelatinous body 1
a: Spit Poison


You were on level 4 of the Dungeon.
You were not hungry.

You visited 1 branch of the dungeon, and saw 4 of its levels.

You collected 209 gold pieces.

Inventory:

Missiles
 a - 5 arrows
 n - 79 stones (quivered)
 r - 15 poisoned needles
 s - 3 tomahawks
Armour
 m - a cursed +0 buckler
Jewellery
 e - an amulet of the gourmand (around mantle)
Scrolls
 j - 2 scrolls of fear
 k - a scroll of remove curse
 l - a scroll of fog
Potions
 o - 2 potions of cancellation
 p - 2 potions of heal wounds
 q - a potion of lignification {unknown}
 u - a potion of agility {unknown}
Books
 b - a book of Changes

   Spells                             Type                      Level
   a - Beastly Appendage              Transmutation                1
   b - Sticks to Snakes               Transmutation                2
   c - Spider Form                    Transmutation/Poison         3
   d - Ice Form                       Ice/Transmutation            4
   e - Blade Hands                    Transmutation                5
Comestibles
 c - 3 bread rations
 h - 2 beef jerkies
 i - 2 fruits
 v - a meat ration


   Skills:
 - Level 1.0 Fighting
 - Level 2.0 Dodging
 - Level 6.0 Unarmed Combat
 + Level 2.4 Spellcasting
 - Level 2.0 Transmutations


You had 2 spell levels left.
You knew the following spells:

 Your Spells              Type           Power        Failure   Level  Hunger
a - Spider Form           Trmt/Pois      #.........   43%         3    ###....
x - Sticks to Snakes      Trmt           #.........   14%         2    ###....
z - Beastly Appendage     Trmt           #.....       12%         1    #......


Dungeon Overview and Level Annotations

Branches:
Dungeon (4/15)
 Temple: D:4-7

Altars:
The Shining One


Innate Abilities, Weirdness & Mutations

You cannot wear most types of armour.
You are amphibious.
You can wear up to eight rings at the same time.
You can use your tentacles to constrict eight enemies at once.
Your skin changes colour to match your surroundings (Stealth).
Your rubbery body absorbs attacks (AC +1).
You possess an exceptional clarity of mind.
You can spit weak poison.


Message History

The centaur wields an uncursed shortbow.
The centaur shoots an arrow.
The arrow barely misses your ball python.
The arrow closely misses you.
Casting: Sticks to Snakes
Confirm with . or Enter, or press ? or * to list all spells.
You create a snake!
Your ball python barely misses the centaur.
The centaur shoots an arrow.
The arrow hits your ball python!
Your ball python dies!
The centaur unwields an uncursed shortbow.
The centaur barely misses you.
You see here an arrow.
Casting: Sticks to Snakes
Confirm with . or Enter, or press ? or * to list all spells.
You create a snake!
* * * LOW MAGIC WARNING * * *
The centaur closely misses you. The centaur hits you!
You die...

...####.####.#..#...#......# *,.
........#....#..###.#......# **#
........#.#.........#......######
........#.#......................
..#####>.........................
..##..............##...#.........
####..............##...#..)......
#...........S....######.....)..#
#...#........S(@.# #........#
#...###########c#######.........
#..,* #####(.......#.........
#..,* #............#.........
*,,,* *#............'.........
*,,,* #.............#.........
*,,,* #.............#.........
*,,,****#.............#**##.....
*,,,,,,.............(...* #.....


You could see a centaur and 2 friendly ball pythons.

Vanquished Creatures
  A hound skeleton (D:4)
  9 adders
  3 gnolls (D:2)
  A worm (D:3)
  7 orcs
  4 giant cockroaches
  3 hobgoblins
  8 jackals
  3 kobolds
  3 quokkas (D:3)
  2 ball pythons
  4 bats
  2 giant newts
  4 goblins
  7 rats
61 creatures vanquished.

Vanquished Creatures (collateral kills)
  A gnoll (D:2)
1 creature vanquished.

Grand Total: 62 creatures vanquished

Notes
Turn   | Place    | Note
--------------------------------------------------------------
     0 | D:1      | Helmschank the Octopode Transmuter began the quest for the Orb.
     0 | D:1      | Reached XP level 1. HP: 13/13 MP: 3/3
   460 | D:1      | Reached XP level 2. HP: 18/18 MP: 5/5
   817 | D:2      | Learned a level 2 spell: Sticks to Snakes
   879 | D:2      | Gained mutation: You can spit weak poison. [potion of mutation]
   879 | D:2      | Gained mutation: You possess an exceptional clarity of mind. [potion of mutation]
  1063 | D:2      | Reached skill level 4 in Unarmed Combat
  1122 | D:2      | Reached XP level 3. HP: 23/23 MP: 4/6
  1623 | D:2      | Reached XP level 4. HP: 9/28 MP: 0/7
  1919 | D:2      | Reached skill level 5 in Unarmed Combat
  2352 | D:2      | Found a glowing golden altar of the Shining One.
  2648 | D:3      | Learned a level 3 spell: Spider Form
  2825 | D:3      | Noticed a phantom
  2936 | D:3      | Reached XP level 5. HP: 9/33 MP: 5/8
  4136 | D:4      | Reached skill level 6 in Unarmed Combat
  4269 | D:4      | Noticed a centaur
  4458 | D:4      | Slain by a centaur

Action                   |  1- 3 |  4- 6 || total
-------------------------+-------+-------++-------
Melee: Unarmed           |    58 |    95 ||   153
Throw: Stone             |     6 |    47 ||    53
       Tomahawk          |       |     3 ||     3
 Cast: Beastly Appendage |     5 |    12 ||    17
       Sticks to Snakes  |     3 |     5 ||     8
  Use: Potion            |     2 |     1 ||     3
       Scroll            |       |     9 ||     9
 Stab: Sleeping          |     4 |     1 ||     5
  Eat: Chunk             |     2 |    15 ||    17
